 Dungeon Crawl Stone Soup version 0.18-a0-1293-g5a2c81a (webtiles) character file.

695742 inmateoo the Middleweight Champion (level 27, -1/171 HPs)
             Began as a Gargoyle Venom Mage on Feb 10, 2016.
             Was the Champion of Cheibriados.
             Slain by a vault warden
             ... wielding a +0 broad axe
              (9 damage)
             ... on level 5 of the Vaults.
             The game lasted 02:46:56 (59554 turns).

inmateoo the Middleweight Champion (GrVM)          Turns: 59554, Time: 02:46:56

Health: -1/171     AC: 52    Str: 32    XL:     27
Magic:  5/44       EV: 33    Int: 35    God:    Cheibriados [******]
Gold:   6368       SH:  0    Dex: 42    Spells: 10 memorised, 18 levels left

rFire  + + +     SeeInvis +       - Unarmed
rCold  + + +     Gourm    .     Z - +6 faerie dragon armour {rElec rC++ SInv Stlth+}
rNeg   + + .     Faith    .     W - +2 shield {rC+}
rPois  ∞         Spirit   .     u - +2 hat {rF+}
rElec  +         Dismiss  .     G - +3 cloak of the Bard {Regen+ Dex+2}
rCorr  +         Reflect  +     z - +2 pair of gloves {Dex+3}
SustAt .         Harm     .     m - +0 pair of boots "Seex" {rF++ rN+ Str-4}
MR     ++++.                    i - amulet "Ocugeudi" {Reflect rC+ SH+4}
Stlth  +++.......               l - ring of wizardry
                                v - ring of resist corrosion

@: confused, brilliant, agile, constricted, studying Conjurations, deflect
missiles, very slow, incredibly resistant to hostile enchantments, fairly
stealthy
A: big wings, iridescent scales 1, thin metallic scales 1, agile 1, blink,
blurry vision 1, deformed body, magic resistance 2, mutation resistance 1,
negative energy resistance 1, sense surroundings 1, screaming 1, electricity
resistance, unbreathing, petrification resistance, no device heal 1, rot
immunity, subdued magic 1, sturdy frame 1, AC +20
a: Fly, Blink, Bend Time, Temporal Distortion, Slouch, Step From Time, Renounce
Religion
}: 4/15 runes: barnacled, slimy, abyssal, gossamer


You were on level 5 of the Vaults.
You worshipped Cheibriados.
Cheibriados was exalted by your worship.
You were very full.

You visited 11 branches of the dungeon, and saw 60 of its levels.
You visited the Abyss 1 time.
You visited 1 bazaar.
You also visited: Labyrinth, Trove, Ice Cave, Volcano and Wizlab.

You collected 7969 gold pieces.
You spent 1601 gold pieces at shops.

Inventory:

Armour
 m - the +0 pair of boots "Seex" (worn) {rF++ rN+ Str-4}
   (You acquired it on level 5 of the Lair of Beasts)

   It affects your strength (-4).
   It greatly protects you from fire.
   It protects you from negative energy.
 u - a +2 hat of fire resistance (worn)
 z - a +2 pair of gloves of dexterity (worn)
 G - the +3 cloak of the Bard (worn) {Regen+ Dex+2}
   (You found it on level 7 of the Lair of Beasts)

   It affects your dexterity (+2).
   It increases your rate of regeneration.
 W - a +2 shield of cold resistance (worn)
 Z - the +6 faerie dragon armour (worn) {rElec rC++ SInv Stlth+}
   (You took it off the Enchantress on level 1 of the Depths)

   It greatly protects you from cold.
   It insulates you from electricity.
   It lets you see invisible.
   It makes you more stealthy.
Jewellery
 i - the amulet "Ocugeudi" (around neck) {Reflect rC+ SH+4}
   (You found it on level 8 of the Lair of Beasts)

   [amulet of reflection]

   It shields you and reflects attacks.
   It protects you from cold.
   It affects your SH (+4).
 j - an uncursed ring of protection from fire
 l - a ring of wizardry (right hand)
 v - a ring of resist corrosion (left hand)
 y - the ring "Rarch" {rC+ Slay+3 Stlth+}
   (You found it on level 6 of the Pits of Slime)

   [ring of slaying]

   It affects your accuracy and damage with ranged weapons and melee attacks
   (+3).
   It protects you from cold.
   It makes you more stealthy.
 A - an uncursed ring of sustain attributes
 M - an uncursed ring of protection from magic
 S - the ring "Daapt" {rC+ MP+9 Str+8 Dex+4}
   (You took it off a deep elf sorcerer on level 3 of the Elven Halls)

   [ring of magical power]

   It affects your strength (+8).
   It affects your dexterity (+4).
   It protects you from cold.
   It affects your magic capacity (+9).
Wands
 a - a wand of teleportation (3/9)
 k - a wand of iceblast (7/15)
 E - a wand of hasting (3/9)
 N - a wand of teleportation (3/9)
 R - a wand of disintegration (7/24)
 U - a wand of disintegration (5/24)
 V - a wand of digging (9/24)
Scrolls
 e - 7 scrolls of blinking
 f - 18 scrolls of remove curse
 h - 4 scrolls of noise
 o - 7 scrolls of enchant armour
 q - a scroll of fear
 s - 16 scrolls of identify
 w - 10 scrolls of fog
 B - 14 scrolls of teleportation
 F - 7 scrolls of amnesia
 I - 8 scrolls of recharging
 O - a scroll of silence
 X - 2 scrolls of summoning
Potions
 n - 2 potions of cure mutation
 p - 6 potions of ambrosia
 t - 4 potions of cancellation
 C - 5 potions of resistance
 D - 6 potions of brilliance
 H - 5 potions of agility
 J - a potion of might
 K - 7 potions of curing
 P - a potion of magic
 Q - 3 potions of heal wounds
 T - 3 potions of invisibility
Books
 b - a manual of Conjurations
Miscellaneous
 r - a phantom mirror
 x - a lamp of fire
 L - a phial of floods
Comestibles
 c - 40 bread rations
 g - 16 meat rations
 Y - a fruit


   Skills:
 - Level 17.0 Fighting
 - Level 17.3 Armour
 - Level 12.7 Dodging
 - Level 2.1 Stealth
 - Level 16.2 Shields
 O Level 27 Unarmed Combat
 + Level 17.1 Spellcasting
 - Level 4.4 Hexes
 - Level 7.4 Translocations
 - Level 6.3 Transmutations
 * Level 18.1 Air Magic
 - Level 4.0 Poison Magic
 - Level 9.0 Invocations


You had 18 spell levels left.
You knew the following spells:

 Your Spells              Type           Power        Failure   Level  Hunger
a - Sting                 Conj/Pois      ####         1%          1    None
b - Passage of Golubria   Tloc           N/A          1%          4    None
c - Blink                 Tloc           N/A          0%          2    None
d - Deflect Missiles      Chrm/Air       ######....   1%          6    None
e - Tornado               Air            #######...   7%          9    ######.
f - Apportation           Tloc           ######....   0%          1    None
g - Yara's Violent Unrav  Hex/Trmt       ######....   1%          5    None
h - Invisibility          Hex            ######..     2%          6    None
i - Regeneration          Chrm/Necr      ####......   1%          3    None
j - Blade Hands           Trmt           ######....   1%          5    None


Dungeon Overview and Level Annotations

Branches:
Dungeon (15/15)              Lair (8/8) D:8          Shoals (4/4) Lair:3
 Spider (4/4) Lair:3        Slime (6/6) Lair:7          Orc (2/2) D:12
    Elf (3/3) Orc:2        Vaults (5/5) D:14          Crypt (3/3) Vaults:3
   Tomb (0/3) Crypt:3      Depths (5/5) D:15            Zot (5/5) Depths:5
 Temple: D:4-7

Altars:
Ashenzari
Cheibriados
Fedhas
Gozag
Kikubaaqudgha
Qazlal
Sif Muna
Trog
Vehumet
Xom
Yredelemnul
Zin
Jiyva

Shops:
D:8 *   Orc:2 :%=%}   Vaults:1 ?   Vaults:3 :

Portals:
Hell: Depths:1 Depths:2 Depths:3 Depths:4 Depths:5
Abyss: Depths:4 Depths:5
Pandemonium: Depths:2 Depths:3 Depths:4
Ziggurat: Depths:1

Annotations:
D:6 inmateoo's ghost, novice HEFi
D:9 1 runed door
Elf:2 3 runed doors
Depths:4 Boris


Innate Abilities, Weirdness & Mutations

You are resistant to torment.
Your stone body is resilient (AC +20).
You are immune to poison.
Your large and strong wings let you fly indefinitely.
You resist negative energy.
You are resistant to electric shocks.
You can survive without breathing.
You are immune to petrification.
You are immune to rotting.
You are partially covered in iridescent scales (AC +4).
You are partially covered in thin metallic scales (AC +2).
You are agile. (Dex +2)
You can translocate small distances at will.
Scrolls take you a little longer to read.
Armour fits poorly on your strangely shaped body.
You are highly resistant to hostile enchantments.
You are somewhat resistant to further mutation.
You passively map a small area around you.
You occasionally shout uncontrollably at your foes.
Potions and wands are less effective at restoring your health.
Your spells are a little easier to cast, but a little less powerful.
Your movements are slightly less encumbered by armour (ER -2).


Message History

The battlesphere is engulfed in spectral mist. x2
The deep elf mage is engulfed in spectral mist.
The battlesphere is engulfed in spectral mist.
The sphinx casts a spell.
Something smites you!
* * * LOW HITPOINT WARNING * * *
The ironheart preserver is engulfed in roaring flames.
The guardian serpent is empowered by the deep elf high priest's aura!
The ironheart preserver is empowered by the deep elf high priest's aura!
The tentacled monstrosity is engulfed in spectral mist.
The tentacled monstrosity closely misses you. x2
The tentacled monstrosity tentacle-slaps you but does no damage.
The tentacled monstrosity constricts you.
The large abomination misses you.
The tentacled monstrosity barely misses you.
The tentacled monstrosity tentacle-slaps you!
* * * LOW HITPOINT WARNING * * *
The tentacled monstrosity tentacle-slaps you but does no damage.
The vault warden hits you with a broad axe!
You die...

, .... #§§§.#T%§.C ,
.....#.e.%#p)CC * ,, ,
..%%.#...)#WC(p* , ,
#....G%%pH:CWx%.# ,
#####.%.WpQSX#########
,
......xYD2*C§..%.....
,
%.%.%NeQxXe§E.%%.....
,
...}.3.pe*LXXW....%^..
, ,
...%%%3DDQZ@XX%%......
,
#####..)XX2*p#########
* *#(...)xEEDx#* , ,,
* #H(#%(%)#ece#, * ,*
* .# #.%.%##.#pp * D
#...%# ###%#, * *
#....# , ##* #.... , *


You could see 2 shadow dragons, 3 tentacled monstrosities, 2 ironheart
preservers, an ancient lich, 2 storm dragons, a frost giant, 2 sphinxes, a stone
giant, 3 vault wardens, 3 tengu reavers, a death knight, a lorocyproca
(invisible), a green death, 2 ettins, a salamander shaped shifter, an eye of
devastation shaped shifter, a sun demon, a deep elf archer, 2 deep elf high
priests, 5 large abominations, an ironbrand convoker, 3 earth elementals, a
guardian serpent shaped shifter, a yaktaur, 4 freezing wraiths, a spectral
snapping turtle, 3 deep elf magi, a ynoxinul, an ice beast, a small abomination,
3 battlespheres and 4 crawling corpses.

Vanquished Creatures
  the Royal Jelly (Slime:6)
  An ancient lich (Vaults:5)
  An orb of fire (Zot:1)
  Mara (Vaults:2)
  Sojobo (Depths:3)
  An iron giant (Depths:4)
  Boris (Depths:4)
  A curse toe (Zot:3)
  Norris (Spider:4)
  A Killer Klown (Zot:2)
  Saint Roka (Depths:2)
  2 caustic shrikes
  10 golden dragons
  Nikola (Spider:2)
  A profane servitor (Crypt:3)
  3 bone dragons
  the Enchantress (Depths:1)
  Jory (Depths:4)
  4 electric golems
  6 liches
  A hellephant (Abyss:3)
  23 tentacled monstrosities
  4 Orb Guardians (Zot:5)
  A deep elf blademaster (Elf:3)
  Rupert (Spider:1)
  3 titans
  Asterion (Depths:2)
  4 quicksilver dragons
  2 deep elf master archers (Elf:3)
  7 death cobs
  Polyphemus (Shoals:2)
  A kraken (Shoals:4)
  2 sphinxes (shapeshifter)
  2 sphinxes (Depths:2)
  19 acid blobs
  4 ancient champions
  Kirke (Lair:8)
  5 tentacled starspawn
  14 shadow dragons
  7 tengu reavers
  Ilsuiw (Shoals:4)
  12 storm dragons
  7 azure jellies
  3 draconian monks
  12 fire giants
  Donald (Orc:2)
  4 revenants
  7 ghost moths
  Wiglaf (Vaults:2)
  3 draconian knights
  10 frost giants
  4 iron dragons
  2 draconian scorchers
  Aizul (Spider:4)
  8 deep elf sorcerers
  6 spriggan defenders
  5 draconian zealots
  15 vault wardens
  A caustic shrike zombie (Depths:4)
  10 ironheart preservers
  2 draconian shifters
  5 ghouls
  6 emperor scorpions
  7 deep elf elementalists
  2 reapers
  15 stone giants
  A war gargoyle (Vaults:5)
  8 very ugly things
  14 vampire knights
  5 draconian annihilators
  3 draconian callers
  5 black draconians
  A green draconian (Zot:3)
  A dire elephant (D:15)
  9 deep elf annihilators
  2 deep elf demonologists (Elf:3)
  17 purple draconians
  3 mottled draconians
  15 large abominations
  11 red draconians
  7 white draconians
  4 merfolk javelineers (Shoals:4)
  8 spark wasps
  4 yellow draconians
  3 deep elf death magi
  Snorg (D:12)
  19 fire dragons
  An eidolon (Crypt:1)
  A minotaur (Lab)
  A minotaur (shapeshifter) (Vaults:5)
  A quicksilver dragon zombie (Crypt:3)
  6 merfolk impalers
  7 death oozes
  9 ettins
  9 statues (WizLab)
  37 vault guards
  4 deep elf high priests
  19 yaktaur captains
  10 rakshasas
  23 jiangshi
  2 blizzard demons (IceCv)
  20 great orbs of eyes
  9 ogre magi
  9 entropy weavers
  16 ice dragons
  10 death knights
  A merfolk avatar (Shoals:4)
  A ghost crab (shapeshifter) (Depths:4)
  A monstrous demonspawn (Depths:4)
  4 catoblepae
  7 spriggan air magi
  An alligator snapping turtle (Shoals:4)
  16 centaur warriors
  4 hydras
  A satyr (Shoals:4)
  4 merfolk aquamancers (Shoals:4)
  13 death yaks
  17 dancing weapons
  4 thrashing horrors (Abyss:3)
  15 deep troll shamans
  7 vampire magi
  7 spriggan berserkers
  5 tengu warriors
  6 orc high priests
  15 deep troll earth magi
  7 deep elf knights
  The ghost of MDvedh the Cruncher, a novice FoGl of Okawaru (D:8)
  Urug (D:10)
  3 soul eaters
  A fire crab (Vaults:2)
  4 wretched stars (Abyss:3)
  A sun demon (Depths:3)
  6 shadow wraiths
  A fire crab (shapeshifter) (Depths:4)
  16 unseen horrors
  A hell knight (Depths:2)
  A golden dragon zombie (Crypt:1)
  46 skeletal warriors
  A spatial maelstrom (Abyss:3)
  A storm dragon skeleton (Crypt:3)
  15 sea snakes
  3 spriggan druids (Depths:3)
  7 wizards
  5 giant orange brains
  3 iron trolls
  9 starcursed masses (Abyss:3)
  3 flayed ghosts
  3 shadow demons
  28 deep trolls
  A tengu zombie (Depths:4)
  5 deep elf archers
  An orange crystal statue (Depths:5)
  2 torturous demonspawn (Depths:4)
  13 hill giants
  22 orb spiders
  44 wolf spiders
  4 necromancers
  A spectral fire dragon (Crypt:3)
  21 harpies
  A mana viper (Abyss:3)
  27 orc knights
  21 griffons
  10 ironbrand convokers
  A spectral ice dragon (Crypt:3)
  An oklob plant (Lair:8)
  6 fauns (Shoals:2)
  A worldbinder (Abyss:1)
  6 shining eyes
  59 deep elf magi
  17 cyclopes
  17 hornets
  5 phantasmal warriors
  35 ugly things
  3 water nymphs
  37 moths of wrath
  A faun (shapeshifter) (Vaults:2)
  4 orc sorcerers
  14 manticores
  2 rust devils
  10 sirens
  A guardian serpent (shapeshifter) (Depths:2)
  A salamander (shapeshifter) (Depths:1)
  2 sixfirhies
  A fire giant skeleton (Depths:4)
  An eye of devastation (shapeshifter) (Vaults:1)
  3 black mambas
  A guardian serpent (Abyss:3)
  4 centaur zombies
  An elephant (shapeshifter) (Vaults:5)
  Maurice (D:13)
  9 eyes of devastation
  An apocalypse crab (Abyss:3)
  16 spiny frogs
  17 vault sentinels
  A torpor snail (Spider:2)
  2 gargoyles (D:14)
  2 ice statues (IceCv)
  A smoke demon (Abyss:3)
  2 orange demons (Abyss:3)
  A death yak zombie (Crypt:1)
  A red draconian zombie (Crypt:1)
  44 yaktaurs
  10 komodo dragons
  A dire elephant skeleton (Crypt:3)
  2 efreet (Abyss:3)
  27 demonic crawlers
  A pale draconian zombie (Crypt:1)
  4 kobold demonologists
  17 freezing wraiths
  A silent spectre (Abyss:3)
  An elf zombie (Depths:4)
  3 ancient zymes
  A hellwing (Abyss:3)
  2 fire drakes (shapeshifter)
  4 fire drakes
  A komodo dragon (shapeshifter) (Abyss:3)
  14 ice devils
  A jumping spider (shapeshifter) (D:13)
  34 jumping spiders
  5 tengu conjurers
  A guardian mummy (Crypt:1)
  A pale draconian skeleton (Crypt:2)
  A harpy zombie (Abyss:1)
  29 merfolk
  2 polar bears (D:15)
  9 trolls
  A troll (shapeshifter) (Depths:3)
  A giant leech (Lair:8)
  An iron troll skeleton (Crypt:2)
  A two-headed ogre (shapeshifter) (Vaults:1)
  A wind drake (shapeshifter) (Abyss:3)
  26 blink frogs
  A red devil (Depths:3)
  8 snapping turtles
  5 wind drakes
  14 two-headed ogres
  5 boulder beetles
  4 raiju (Abyss:3)
  A harpy skeleton (Crypt:1)
  A stone giant simulacrum (Crypt:3)
  108 slime creatures
  A slime creature (shapeshifter) (Depths:5)
  A frost giant simulacrum (Vaults:3)
  64 flying skulls
  An ettin zombie (Crypt:3)
  A fire giant simulacrum (Crypt:3)
  A redback (shapeshifter) (Depths:2)
  5 air elementals
  3 centaur simulacra (D:15)
  60 yaks
  Sigmund (D:2)
  6 shadows
  A tarantella (shapeshifter) (Abyss:3)
  A vampire (D:15)
  70 redbacks
  11 wraiths
  4 wyverns
  18 spriggans
  11 water elementals
  29 tarantellas
  A black mamba zombie (Crypt:1)
  A ynoxinul (Depths:3)
  3 hogs (Lair:8)
  2 fire bats (Volcano)
  A human (D:14)
  A hippogriff (shapeshifter) (Vaults:3)
  17 vampire mosquitoes
  A golden eye (shapeshifter) (Vaults:1)
  16 golden eyes
  Eustachio (D:4)
  A basilisk (Lair:4)
  3 chaos spawn
  3 neqoxecs (Abyss:3)
  A steam dragon (D:7)
  A fire bat (shapeshifter) (Vaults:3)
  3 hungry ghosts
  14 small abominations
  13 hippogriffs
  Grum (D:10)
  4 spatial vortices (Abyss:3)
  13 wolves
  3 mottled dragons
  8 wargs
  18 water moccasins
  7 porcupines
  4 hell hounds (Abyss:3)
  57 orc warriors
  3 black bears
  12 necrophages
  4 ice beasts
  5 eyes of draining
  8 wasps
  5 sky beasts
  28 ogres
  4 phantoms
  34 centaurs
  16 crocodiles
  17 boggarts
  A crocodile (shapeshifter) (Depths:1)
  2 big kobolds
  2 wyvern zombies
  29 giant frogs
  A gnoll sergeant (D:13)
  A water moccasin zombie (Crypt:1)
  A giant frog (shapeshifter) (Depths:2)
  4 earth elementals
  3 wyvern skeletons
  3 scorpions
  A queen bee zombie (Crypt:2)
  10 killer bees
  12 wights
  A raiju skeleton (Crypt:2)
  7 electric eels (Lair:8)
  6 lava snakes
  7 crimson imps
  A wolf skeleton (Crypt:2)
  3 quasits
  3 centaur skeletons
  27 jellies
  15 hounds
  3 human zombies (Crypt:1)
  29 orc wizards
  A wasp zombie (D:11)
  Crazy Yiuf (D:4)
  3 giant frog zombies
  41 orc priests
  2 giant frog skeletons
  4 human skeletons (Crypt:1)
  8 iguanas
  A worker ant (shapeshifter) (Depths:2)
  17 worker ants
  A lightning spire (Zot:2)
  34 sheep
  2 felid skeletons (Crypt:1)
  2 hound skeletons
  2 mummies (Crypt:1)
  Robin (D:4)
  10 gnolls
  15 adders
  62 river rats
  8 shadow imps
  7 white imps
  10 ufetubi
  An ooze (D:7)
  4 adder skeletons
  2 adder zombies (D:8)
  An iguana skeleton (Crypt:2)
  A worm (shapeshifter) (Vaults:2)
  2 worms
  A ball lightning (Zot:2)
  3 giant geckos
  140 orcs
  8 bats
  11 giant cockroaches
  21 goblins
  8 hobgoblins
  5 jackals
  A kobold (shapeshifter) (Depths:2)
  6 kobolds
  10 quokkas
  6 ball pythons
  A ball python skeleton (Crypt:2)
  2 giant gecko skeletons
  4 giant newts
  2 quokka skeletons
  6 rats
  A bush (Lair:8)
  7 crawling corpses
  A fungus (Lair:7)
  A lost soul (Crypt:2)
  2 starspawn tentacles
  3 tentacles (Shoals:4)
3067 creatures vanquished.

Vanquished Creatures (collateral kills)
  A juggernaut (Depths:5)
1 creature vanquished.

Vanquished Creatures (others)
  A deep elf master archer (Elf:3)
  A ghost moth (Zot:1)
  2 deep elf sorcerers (Elf:3)
  4 deep elf elementalists (Elf:3)
  A deep elf demonologist (Elf:3)
  A deep elf annihilator (Elf:3)
  5 merfolk javelineers
  A deep elf death mage (Elf:3)
  3 centaur warriors
  2 hydras
  2 ogre magi
  A vampire mage (Depths:3)
  A dancing weapon (Elf:3)
  2 deep elf archers
  A phantasmal warrior (Vaults:5)
  A wolf spider (Vaults:5)
  An orc knight (Orc:2)
  A manticore (Shoals:4)
  A cyclops (D:14)
  7 yaktaurs
  A yaktaur (shapeshifter) (Vaults:5)
  A tengu conjurer (Depths:2)
  A jumping spider (Spider:2)
  2 redbacks (Spider:2)
  A tarantella (Spider:2)
  A human (D:14)
  A golden eye (Slime:4)
  An orc warrior (Volcano)
  2 ogres
  4 centaurs
  A small abomination (Depths:5)
  A jelly (Slime:6)
  3 white imps (IceCv)
  2 ufetubi (IceCv)
  30 fungi
  6 lost souls
  41 plants
  9 starspawn tentacles
  58 starspawn tentacle segments
  13 tentacles (Shoals:4)
  429 tentacle segments (Shoals:4)
647 creatures vanquished.

Grand Total: 3715 creatures vanquished

Notes
Turn   | Place    | Note
--------------------------------------------------------------
     0 | D:1      | inmateoo the Gargoyle Venom Mage began the quest for the Orb.
     0 | D:1      | Reached XP level 1. HP: 10/10 MP: 3/3
   301 | D:1      | Found a shattered altar of Ashenzari.
   319 | D:1      | Reached skill level 1 in Fighting
   333 | D:1      | Reached skill level 1 in Armour
   333 | D:1      | Reached XP level 2. HP: 5/16 MP: 1/5
  1085 | D:1      | Reached XP level 3. HP: 21/21 MP: 4/6
  1394 | D:2      | You fall through a shaft for 2 floors!
  1403 | D:4      | Reached skill level 1 in Unarmed Combat
  1418 | D:4      | Reached XP level 4. HP: 26/26 MP: 7/7
  1721 | D:2      | Found a shimmering altar of Xom.
  2031 | D:2      | Noticed Sigmund
  2045 | D:2      | Killed Sigmund
  2045 | D:2      | Reached XP level 5. HP: 15/30 MP: 8/8
  2045 | D:2      | Reached XP level 6. HP: 17/35 MP: 9/9
  2523 | D:3      | Found a shattered altar of Ashenzari.
  2526 | D:3      | Found a bloodstained altar of Trog.
  2526 | D:3      | Found a basalt altar of Yredelemnul.
  3055 | D:4      | Noticed Robin
  3106 | D:4      | Killed Robin
  3288 | D:4      | Noticed Eustachio
  3297 | D:3      | Reached XP level 7. HP: 14/40 MP: 7/10
  3438 | D:4      | Reached skill level 5 in Unarmed Combat
  3539 | D:4      | Killed Eustachio
  4200 | D:4      | Reached skill level 6 in Unarmed Combat
  4288 | D:4      | Noticed Crazy Yiuf
  4302 | D:4      | Killed Crazy Yiuf
  4365 | D:5      | Entered Level 5 of the Dungeon
  4410 | D:5      | Reached XP level 8. HP: 44/48 MP: 11/11
  4426 | D:5      | Found a glowing silver altar of Zin.
  4448 | D:5      | Found an ancient bone altar of Kikubaaqudgha.
  4734 | D:5      | Reached skill level 7 in Unarmed Combat
  5222 | D:6      | Reached skill level 5 in Armour
  5339 | D:6      | Noticed inmateoo's ghost (novice HEFi)
  5373 | D:7      | Reached skill level 8 in Unarmed Combat
  5703 | D:6      | Reached XP level 9. HP: 43/52 MP: 12/12
  6021 | D:7      | Reached skill level 9 in Unarmed Combat
  6254 | D:7      | Found a snail-covered altar of Cheibriados.
  6276 | D:7      | Became a worshipper of Cheibriados the Contemplative
  6475 | D:8      | Noticed a troll
  6592 | D:8      | Noticed a two-headed ogre
  6610 | D:8      | Killed a two-headed ogre
  6864 | D:7      | Reached skill level 5 in Fighting
  6876 | D:7      | Killed a troll
  6952 | D:7      | Reached skill level 10 in Unarmed Combat
  7166 | D:8      | Reached * piety under Cheibriados
  7244 | D:8      | Found an opulent altar of Gozag.
  7247 | D:8      | Found Gozag's Platinum Reserve.
  7448 | D:8      | Found a staircase to the Lair.
  7449 | D:8      | Noticed a fire drake
  7465 | D:8      | Reached XP level 10. HP: 60/60 MP: 13/13
  7470 | D:8      | Gained mutation: Your mind is acute. (Int +2) [mutagenic meat]
  7471 | D:8      | Gained mutation: You passively map a small area around you. [mutagenic meat]
  7472 | D:8      | Lost mutation: Your mind is acute. (Int +2) [mutagenic meat]
  7473 | D:8      | Gained mutation: Your muscles are strong. (Str +2) [mutagenic meat]
  7474 | D:8      | Gained mutation: You are resistant to hostile enchantments. [mutagenic meat]
  7475 | D:8      | Gained mutation: You are highly resistant to hostile enchantments. [mutagenic meat]
  7576 | D:8      | Reached skill level 11 in Unarmed Combat
  7581 | D:8      | Noticed MDvedh's ghost (novice FoGl)
  7773 | D:7      | Reached ** piety under Cheibriados
  7961 | D:8      | Killed MDvedh's ghost
  8362 | D:9      | Reached skill level 12 in Unarmed Combat
  8426 | D:9      | Found a runed door.
  8438 | D:9      | Found a runed door.
  8522 | D:9      | Reached *** piety under Cheibriados
  8850 | D:9      | Reached skill level 1 in Invocations
  8877 | D:9      | Found a stormy altar of Qazlal.
  9071 | D:9      | Reached **** piety under Cheibriados
  9121 | D:10     | Entered Level 10 of the Dungeon
  9298 | D:10     | Killed an unseen horror
  9298 | D:10     | Reached XP level 11. HP: 53/67 MP: 10/14
  9518 | D:10     | Noticed Grum
  9546 | D:10     | Killed Grum
  9588 | D:10     | Noticed Urug
  9612 | D:10     | Killed Urug
  9739 | D:10     | Reached skill level 13 in Unarmed Combat
  9772 | D:10     | Noticed a hill giant
  9786 | D:10     | Killed a hill giant
 10105 | D:11     | Noticed a cyclops
 10115 | D:11     | Reached ***** piety under Cheibriados
 10120 | D:11     | Killed a cyclops
 10249 | D:11     | Killed an unseen horror
 10443 | D:11     | Noticed a hill giant
 10453 | D:11     | Killed a hill giant
 10457 | D:11     | Reached skill level 5 in Invocations
 10458 | D:11     | Noticed a red ugly thing
 10467 | D:11     | Killed a brown ugly thing
 10474 | D:11     | Gained mutation: You are agile. (Dex +2) [mutagenic meat]
 10532 | D:11     | Noticed a purple ugly thing
 10533 | D:11     | Noticed a hill giant
 10542 | D:11     | Killed a purple ugly thing
 10550 | D:11     | Killed a hill giant
 10574 | D:11     | Killed an unseen horror
 10574 | D:11     | Reached XP level 12. HP: 55/73 MP: 13/16
 10701 | D:11     | Reached skill level 14 in Unarmed Combat
 10998 | D:12     | Gained mutation: Potions and wands are less effective at restoring your health. [mutagenic meat]
 11068 | D:12     | Found a staircase to the Orcish Mines.
 11480 | D:12     | Lost mutation: Your muscles are strong. (Str +2) [mutagenic meat]
 11481 | D:12     | Gained mutation: Armour fits poorly on your strangely shaped body. [mutagenic meat]
 11482 | D:12     | Gained mutation: Your magical capacity is low (-10% MP). [mutagenic meat]
 11484 | D:12     | Gained mutation: Your muscles are strong. (Str +2) [mutagenic meat]
 11485 | D:12     | Gained mutation: You occasionally shout uncontrollably at your foes. [mutagenic meat]
 11540 | D:12     | Noticed Snorg
 11557 | D:12     | Killed Snorg
 11799 | D:12     | Reached ****** piety under Cheibriados
 12014 | D:13     | Found a labyrinth entrance.
 12020 | D:13     | Lost mutation: Your muscles are strong. (Str +2) [mutagenic meat]
 12032 | Lab      | Entered a labyrinth
 12084 | Lab      | Found an exit through the horrors of the Abyss.
 12129 | Lab      | Got a transparent scimitar
 12397 | Lab      | Noticed a minotaur
 12408 | Lab      | Killed a minotaur
 12411 | Lab      | Identified the Disquisition on Translocation
 12455 | D:13     | Learned a level 4 spell: Passage of Golubria
 12529 | D:13     | Noticed Maurice
 12534 | D:13     | Killed Maurice
 12569 | D:13     | Reached skill level 15 in Unarmed Combat
 12600 | D:13     | Noticed a centaur warrior
 12606 | D:13     | Killed a centaur warrior
 12616 | D:13     | Found a blossoming altar of Fedhas.
 12876 | D:13     | Reached XP level 13. HP: 66/78 MP: 13/17
 12884 | D:13     | Identified a cursed +2 rod of inaccuracy (11/11) (You found it in a labyrinth)
 12888 | D:13     | Identified the +6 scimitar "Xinoutu" {vamp, rPois Int+7 Dex+4} (You found it in a labyrinth)
 13233 | D:13     | Reached skill level 1 in Shields
 13696 | Lair:1   | Entered Level 1 of the Lair of Beasts
 14656 | Lair:2   | Reached skill level 16 in Unarmed Combat
 15278 | Lair:3   | Learned a level 2 spell: Blink
 15458 | Lair:3   | Found a hole to the Spider Nest.
 15621 | Lair:3   | Found a staircase to the Shoals.
 15725 | Lair:3   | Reached skill level 5 in Shields
 16490 | Lair:4   | Gained mutation: Your large and strong wings let you fly indefinitely. [Gargoyle growth]
 16490 | Lair:4   | Reached XP level 14. HP: 22/84 MP: 6/18
 16838 | Lair:4   | Reached skill level 17 in Unarmed Combat
 17228 | Lair:5   | Found a dark tunnel.
 17236 | Volcano  | Entered a volcano
 17575 | Lair:5   | Identified a scroll of acquirement
 17576 | Lair:5   | Got a pair of dazzling boots
 17587 | Lair:5   | Identified the +0 pair of boots "Seex" {rF++ rN+ Str-4} (You acquired it on level 5 of the Lair of Beasts)
 17600 | Lair:5   | Found a deep blue altar of Sif Muna.
 17971 | Lair:5   | Gained mutation: You are weak. (Str -2) [potion of mutation]
 18451 | Lair:6   | Reached skill level 1 in Translocations
 18712 | Lair:6   | Learned a level 6 spell: Deflect Missiles
 19273 | Lair:7   | Found a staircase to the Slime Pits.
 19308 | Lair:7   | Got a fine cloak
 19319 | Lair:7   | Identified the +3 cloak of the Bard {Regen+ Dex+2} (You found it on level 7 of the Lair of Beasts)
 19928 | Lair:8   | Entered Level 8 of the Lair of Beasts
 20046 | Lair:8   | Noticed Kirke
 20064 | Lair:8   | Killed Kirke
 20135 | Lair:8   | Reached XP level 15. HP: 92/92 MP: 20/20
 20220 | Lair:8   | Reached skill level 18 in Unarmed Combat
 20220 | Lair:8   | Reached skill level 5 in Spellcasting
 20223 | Lair:8   | Reached skill level 10 in Fighting
 20435 | Lair:8   | Lost mutation: You are weak. (Str -2) [helix card]
 20435 | Lair:8   | Gained mutation: You are somewhat resistant to further mutation. [helix card]
 20841 | Lair:8   | Got a fine pewter amulet
 20851 | Lair:8   | Identified the amulet "Ocugeudi" {Reflect rC+ SH+4} (You found it on level 8 of the Lair of Beasts)
 20869 | Lair:8   | Got an amethyst-encrusted scale mail
 20870 | Lair:8   | Identified the +4 scale mail of Xazodgh {rN+ Str+5 Dex-3} (You found it on level 8 of the Lair of Beasts)
 21260 | Orc:1    | Entered Level 1 of the Orcish Mines
 21506 | Orc:2    | Entered Level 2 of the Orcish Mines
 21506 | Orc:2    | Noticed Donald
 21537 | Orc:2    | Killed Donald
 22035 | Orc:2    | Found Riri's Book Boutique.
 22327 | Orc:2    | Found Larawuecvea's Gadget Shop.
 22329 | Orc:2    | Found Rihops's Food Shop.
 22391 | Orc:2    | Found Diucil's Jewellery Boutique.
 22392 | Orc:2    | Found Vesma's Food Shop.
 22397 | Orc:2    | Bought a wand of teleportation (3/9) for 336 gold pieces
 22400 | Orc:2    | Bought an uncursed ring of protection from cold for 325 gold pieces
 22414 | Orc:2    | Learned a level 9 spell: Tornado
 22588 | Orc:2    | Found a staircase to the Elven Halls.
 22752 | D:14     | Reached skill level 5 in Translocations
 22899 | D:14     | Reached skill level 10 in Armour
 23012 | D:14     | Reached skill level 5 in Dodging
 23012 | D:14     | Reached XP level 16. HP: 99/99 MP: 22/22
 23155 | D:14     | Found a gate to the Vaults.
 23215 | D:14     | Found a stormy altar of Qazlal.
 23293 | D:14     | Found a blossoming altar of Fedhas.
 23483 | D:14     | Lost mutation: Your magical capacity is low (-10% MP). [mutagenic meat]
 23485 | D:14     | Gained mutation: You are partially covered in iridescent scales (AC +4). [mutagenic meat]
 23487 | D:14     | Gained mutation: Your movements are slightly less encumbered by armour (ER -2). [mutagenic meat]
 23488 | D:14     | Gained mutation: You can translocate small distances at will. [mutagenic meat]
 23490 | D:14     | Gained mutation: Scrolls take you a little longer to read. [mutagenic meat]
 23492 | D:14     | Gained mutation: You are partially covered in thin metallic scales (AC +2). [mutagenic meat]
 23656 | D:15     | Entered Level 15 of the Dungeon
 23823 | D:15     | Reached skill level 19 in Unarmed Combat
 23972 | D:15     | Found a staircase to the Depths.
 24461 | Depths:1 | Entered Level 1 of the Depths
 24667 | Depths:1 | Found a gateway to a ziggurat.
 24763 | Depths:1 | Lost mutation: You occasionally shout uncontrollably at your foes. [mutagenic meat]
 24891 | Depths:1 | Reached XP level 17. HP: 97/104 MP: 28/28
 24904 | Depths:1 | Noticed the Enchantress
 24906 | Depths:1 | Noticed Asterion
 24906 | Depths:1 | Killed the Enchantress
 24927 | Depths:1 | Got a faerie dragon armour
 24930 | Depths:1 | Identified the +6 faerie dragon armour {rElec rC++ SInv Stlth+} (You took it off the Enchantress on level 1 of the Depths)
 24960 | Depths:1 | Found a gateway to Hell.
 25342 | Depths:1 | Found a portal to a secret trove of treasure.
 25665 | Depths:2 | Noticed a lich
 25668 | Depths:2 | Noticed a Shadow Fiend
 25672 | Depths:2 | Killed a lich
 25672 | Depths:2 | Reached skill level 1 in Air Magic
 26029 | Spider:1 | Entered Level 1 of the Spider Nest
 26369 | Spider:1 | Noticed Rupert
 26390 | Spider:1 | Killed Rupert
 26824 | Spider:1 | Reached skill level 20 in Unarmed Combat
 27206 | Spider:2 | Reached XP level 18. HP: 99/112 MP: 30/30
 27506 | Spider:2 | Noticed Nikola
 27553 | Spider:2 | Killed Nikola
 27586 | Spider:2 | Found a frozen archway.
 27595 | IceCv    | Entered an ice cave
 28451 | Spider:3 | Reached skill level 5 in Air Magic
 28798 | Spider:4 | Entered Level 4 of the Spider Nest
 28957 | Spider:4 | Noticed Aizul
 28979 | Spider:4 | Killed Aizul
 29056 | Spider:4 | Noticed Norris
 29088 | Spider:4 | Killed Norris
 29291 | Spider:4 | Reached XP level 19. HP: 107/119 MP: 19/32
 29976 | Spider:4 | Got a gossamer rune of Zot
 30252 | Spider:1 | You fall through a shaft!
 30365 | Shoals:1 | Entered Level 1 of the Shoals
 30528 | Shoals:1 | Reached skill level 21 in Unarmed Combat
 31146 | Shoals:2 | Reached skill level 10 in Spellcasting
 31166 | Shoals:2 | Learned a level 1 spell: Apportation
 31172 | Shoals:2 | Learned a level 5 spell: Yara's Violent Unravelling
 31186 | Shoals:2 | Noticed Polyphemus
 31210 | Shoals:2 | Killed Polyphemus
 31222 | Shoals:2 | Reached skill level 1 in Hexes
 32483 | Shoals:4 | Entered Level 4 of the Shoals
 32622 | Shoals:4 | Reached XP level 20. HP: 107/126 MP: 34/34
 32666 | Shoals:4 | Got a barnacled rune of Zot
 32918 | Shoals:4 | Noticed Ilsuiw
 32945 | Shoals:4 | Killed Ilsuiw
 34131 | Depths:2 | Killed Asterion
 34151 | Depths:2 | Found an opulent altar of Gozag.
 34201 | Depths:2 | Found a radiant altar of Vehumet.
 34256 | Depths:2 | Found a one-way gate leading to the halls of Pandemonium.
 34258 | Depths:2 | Noticed Saint Roka
 34269 | Depths:2 | Killed Saint Roka
 34659 | Depths:2 | Found a shimmering altar of Xom.
 34868 | Depths:2 | Reached XP level 21. HP: 132/132 MP: 34/36
 35009 | Depths:2 | Noticed a caustic shrike
 35047 | Depths:2 | Killed a caustic shrike
 35112 | Depths:2 | Reached skill level 10 in Dodging
 35401 | Depths:2 | Reached skill level 22 in Unarmed Combat
 35471 | Depths:2 | Reached skill level 10 in Shields
 35513 | Depths:2 | Identified a +1 pair of boots of running (You found it on level 2 of the Depths)
 35529 | Depths:2 | Got a scorched chain mail
 35532 | Depths:2 | Identified the cursed +0 chain mail "Votagowa" {rF+ rCorr Dex+2} (You found it on level 2 of the Depths)
 36029 | Depths:3 | Reached skill level 10 in Air Magic
 36460 | Depths:3 | Noticed Sojobo
 36484 | Depths:3 | Killed Sojobo
 36829 | Depths:3 | Reached XP level 22. HP: 135/139 MP: 37/37
 36960 | Depths:4 | Noticed Boris
 36991 | Depths:4 | Found a one-way gate to the infinite horrors of the Abyss.
 37075 | Depths:4 | Reached skill level 15 in Fighting
 37368 | Depths:4 | Killed Boris
 37374 | Depths:4 | Noticed Jory
 37408 | Depths:4 | Killed Jory
 37657 | Depths:4 | Learned a level 6 spell: Invisibility
 37764 | Depths:4 | Noticed a caustic shrike
 37774 | Depths:4 | Killed a caustic shrike
 38265 | Depths:5 | Entered Level 5 of the Depths
 38288 | Depths:5 | Reached XP level 23. HP: 139/145 MP: 39/39
 38355 | Depths:4 | Got a pair of fine boots
 38361 | Depths:4 | Identified the +0 pair of boots of Birdsong {*Corrode rPois rC+ rN+++} (You acquired it on level 4 of the Depths)
 38404 | Depths:5 | Noticed a juggernaut
 38757 | Elf:1    | Entered Level 1 of the Elven Halls
 38829 | Elf:1    | Found a magical portal.
 38834 | WizLab   | Entered Iskenderun's Mystic Tower
 39121 | WizLab   | Identified Iskenderun's Volume of Conjuration
 39121 | WizLab   | Identified Iskenderun's Compendium of the Hippo
 39146 | WizLab   | Learned a level 3 spell: Regeneration
 39956 | Elf:1    | Reached skill level 23 in Unarmed Combat
 40807 | Elf:2    | Found an ancient bone altar of Kikubaaqudgha.
 40929 | Elf:2    | Found a runed gate.
 40929 | Elf:2    | Found a runed gate.
 40929 | Elf:2    | Found a runed gate.
 40973 | Elf:3    | Entered Level 3 of the Elven Halls
 41665 | Elf:3    | Got a smoking wooden ring
 41728 | Elf:3    | Reached XP level 24. HP: 106/152 MP: 16/39
 42037 | Elf:3    | Identified the ring "Daapt" {rC+ MP+9 Str+8 Dex+4} (You took it off a deep elf sorcerer on level 3 of the Elven Halls)
 42478 | Vaults:1 | Entered Level 1 of the Vaults
 43282 | Vaults:1 | Found Puulivvi's Magic Scroll Shop.
 43288 | Vaults:1 | Bought a scroll of identify for 30 gold pieces
 43288 | Vaults:1 | Bought a scroll of teleportation for 45 gold pieces
 43288 | Vaults:1 | Bought a scroll of remove curse for 45 gold pieces
 43288 | Vaults:1 | Bought a scroll of recharging for 142 gold pieces
 43288 | Vaults:1 | Bought a scroll of identify for 30 gold pieces
 43288 | Vaults:1 | Bought a scroll of identify for 30 gold pieces
 43288 | Vaults:1 | Bought a scroll of blinking for 112 gold pieces
 43288 | Vaults:1 | Bought a scroll of identify for 30 gold pieces
 44231 | Vaults:2 | Noticed Wiglaf
 44250 | Vaults:2 | Killed Wiglaf
 44270 | Vaults:2 | Noticed Mara
 44270 | Vaults:2 | Noticed Mara
 44270 | Vaults:2 | Noticed Mara
 44271 | Vaults:2 | Noticed inmateoo's illusion
 44305 | Vaults:2 | Killed Mara
 44845 | Vaults:3 | You fall through a shaft!
 45181 | Vaults:3 | Reached XP level 25. HP: 159/159 MP: 40/40
 45307 | Vaults:3 | Found Liussyne's Book Boutique.
 45320 | Vaults:3 | Bought a book of Changes for 400 gold pieces
 45326 | Vaults:3 | Learned a level 5 spell: Blade Hands
 45675 | Vaults:3 | Reached skill level 1 in Transmutations
 45857 | Vaults:3 | Found a staircase to the Crypt.
 45857 | Vaults:3 | Found a basalt altar of Yredelemnul.
 45871 | Vaults:3 | Found an ancient bone altar of Kikubaaqudgha.
 46422 | Vaults:4 | Reached skill level 24 in Unarmed Combat
 47448 | Crypt:1  | Entered Level 1 of the Crypt
 48683 | Crypt:2  | Reached XP level 26. HP: 166/166 MP: 40/40
 48788 | Crypt:3  | Entered Level 3 of the Crypt
 49140 | Crypt:3  | Reached skill level 5 in Transmutations
 49163 | Crypt:3  | Found a basalt altar of Yredelemnul.
 49242 | Crypt:3  | Reached skill level 15 in Armour
 49915 | Crypt:3  | Found a staircase to the Tomb.
 50699 | Slime:1  | Entered Level 1 of the Pits of Slime
 50798 | Slime:1  | Gained mutation: Your spells are a little easier to cast, but a little less powerful. [a shining eye]
 50857 | Slime:2  | Gained mutation: You occasionally shout uncontrollably at your foes. [a shining eye]
 51104 | Slime:6  | Entered Level 6 of the Pits of Slime
 51495 | Slime:6  | Found a viscous altar of Jiyva.
 51497 | Slime:6  | Noticed the Royal Jelly
 51509 | Slime:6  | Killed the Royal Jelly
 51509 | Slime:6  | Reached skill level 25 in Unarmed Combat
 51509 | Slime:6  | Reached XP level 27. HP: 131/171 MP: 33/41
 51573 | Slime:6  | Got a slimy rune of Zot
 51599 | Slime:6  | Got a flickering lead ring
 51602 | Slime:6  | Identified the ring "Rarch" {rC+ Slay+3 Stlth+} (You found it on level 6 of the Pits of Slime)
 52505 | Depths:4 | Noticed an iron giant
 52513 | Depths:4 | Killed an iron giant
 52549 | Depths:4 | Voluntarily entered the Abyss.
 52899 | Abyss:3  | Found a corrupted altar of Lugonu.
 53009 | Abyss:3  | Got a heavily runed silver ring
 53341 | Abyss:3  | Found a shadowy altar of Dithmenos.
 53398 | Abyss:3  | Reached skill level 15 in Shields
 53414 | Abyss:3  | Found a corrupted altar of Lugonu.
 53416 | Abyss:3  | Got an abyssal rune of Zot
 53666 | Depths:4 | Escaped the Abyss
 53871 | Depths:1 | You showed the abyssal rune of Zot to enter a treasure trove
 53872 | Trove    | Entered a treasure trove
 53889 | Trove    | Identified the ring "Etuuzip" {SustAt *Contam Int+6} (You found it on level 3 of the Abyss)
 54212 | Depths:5 | Killed a juggernaut
 54258 | Depths:5 | Reached skill level 15 in Spellcasting
 54381 | Depths:5 | Found a gate to the Realm of Zot.
 54732 | Depths:5 | Found a gateway to a bazaar.
 54738 | Bazaar   | Entered a bazaar
 54738 | Bazaar   | Found Dugy's Book Shop.
 54746 | Bazaar   | Found Woicweax's Antique Armour Boutique.
 54754 | Bazaar   | Bought a shiny shield for 76 gold pieces
 54768 | Bazaar   | Found Ecycithre's Antique Armour Shoppe.
 54777 | Bazaar   | Found Etiliuju's Food Shop.
 54785 | Bazaar   | Found Peumiatt's Weapon Shop.
 55273 | Zot:1    | Entered Level 1 of the Realm of Zot
 55344 | Zot:1    | Reached skill level 15 in Air Magic
 55698 | Zot:1    | Noticed an orb of fire
 55708 | Zot:1    | Killed an orb of fire
 56718 | Zot:2    | Reached skill level 26 in Unarmed Combat
 58614 | Zot:5    | Entered Level 5 of the Realm of Zot
 59493 | Vaults:5 | Entered Level 5 of the Vaults
 59501 | Vaults:5 | Reached skill level 27 in Unarmed Combat
 59505 | Vaults:5 | Noticed an ancient lich
 59525 | Vaults:5 | Killed an ancient lich
 59541 | Vaults:5 | Noticed an ancient lich
 59554 | Vaults:5 | HP: 8/171 [tentacled monstrosity (8)]
 59554 | Vaults:5 | Slain by a vault warden

Vault maps used:
D:1:      dpeg_arrival_another_circle, evilmike_ruin_ashenzari
D:2:      overflow_temple_1_default, uniq_sigmund
D:3:      grunt_temple_overflow_open, minmay_shallow_snake_nest
D:4:      uniq_eustachio, uniq_crazy_yiuf_cottage, uniq_robin
D:5:      nicolae_overflow_crystal_walls, first_bread, basic_altar,
          kennysheep_generic_room_11
D:6:      marbit_many_paths, minmay_temple_entry_fiery, basic_altar,
          uniq_blork_the_orc
D:7:      cheibrodos_worm_habitat
D:8:      nicolae_gozag_zags_fifth_avenue, minmay_lair_entry_lava,
          nicolae_ossuary_entry_ruins
D:9:      lemuel_insect_pit, kennysheep_doodads, grunt_ogre_cave,
          kennysheep_another_room, st_stairs_10, lemuel_tele_altar
D:10:     minmay_misc_feat_five, serial_bayou_crossing, uniq_grum, uniq_urug
D:12:     orc_0_dummy, uniq_snorg
D:13:     basic_altar, lab_entry_generic, uniq_maurice
D:14:     hangedman_cross_veins, grunt_vaults_entry_fortified, fedhas_altar_3,
          grunt_qazlal_clouds
D:15:     hangedman_depths_entry_try_elsewhere_first, serial_ice, serial_ice_b,
          serial_ice_h, serial_ice_n, serial_ice_f
Lair:2:   small_statue_intersection, minivault_25
Lair:3:   minmay_shoals_entry_beasts, nicolae_spider_entry_tight_spaces,
          serial_forest, infiniplex_forest_straight_4,
          infiniplex_forest_lined_corner, infiniplex_forest_straight_2,
          infiniplex_forest_straight_2, serial_bayou_pond_d
Lair:5:   lightli_volcano_entry_magma_tube, lemuel_centaur_altar
Lair:6:   beast_lair_carwin_large_2
Lair:7:   slime_dummy, nicolae_quartered_pool_super, st_stairs_7
Lair:8:   minmay_lair_end_frog_pond, infiniplex_staircase_pool_2,
          lemuel_fruit_tree, uniq_kirke
Shoals:2: uniq_polyphemus
Shoals:3: hangedman_shoals_cup_caves
Shoals:4: shoals_end_simple, shoals_ilsuiw_ice
Spider:1: uniq_rupert
Spider:2: nicolae_spider_corner, portal_ice_cave_entry_frozen_things,
          uniq_nikola
Spider:4: guppyfry_spider_rune, uniq_norris, uniq_aizul
Slime:2:  basic_altar
Slime:5:  cheibrodos_slime_lost_civilization_3
Orc:2:    st_orc_pillars, serial_shops, shop, minmay_orc_keep, uniq_donald
Elf:1:    mu_enter_wizlab_1, hangedman_elf_disciples
Elf:2:    david_defended_altar_elf
Elf:3:    minmay_elf_hall_four_x, grunt_megastairs_4
Vaults:1: vaults_room_hallway, ontoclasm_vaults_hangar,
          ontoclasm_vaults_decontamination, hangedman_vaults_stream,
          grunt_vaults_funnel, grunt_vaults_focal, dpeg_vaults_monster_box,
          hangedman_vaults_impose, v_misc_17, nicolae_vaults_theta,
          ontoclasm_vaults_chip, serial_shops, shop
Vaults:2: vaults_room_grunt_arrival_checkpoint, vaults_mumra_minichess,
          nicolae_vaults_mini_display_case, dpeg_vaults_monster_row, v_misc_18,
          hangedman_vaults_slice, nicolae_vaults_diagonal_hallway_9,
          vaults_dpeg_hooks, v_misc_14, vaults_mumra_lcd, v_alt_pattern_1,
          nicolae_vaults_little_squares_2, uniq_wiglaf, uniq_mara
Vaults:3: vaults_standard_mumra_lines, minmay_crypt_entry_necro_gods,
          nicolae_vaults_display_case, nicolae_vaults_ninety_degrees, v_misc_1,
          vaults_mumra_chevron, nicolae_vaults_little_squares_3, v_pattern_2,
          ontoclasm_vaults_misaligned, grunt_vaults_hallway_long,
          vaults_room_pools, serial_shops, nicolae_shop_waterfront
Vaults:4: hangedman_vaults_locks, nicolae_vaults_asterisk,
          hangedman_vaults_nodes, nicolae_vaults_angled_halls, v_misc_30,
          ontoclasm_vaults_pinch, ontoclasm_vaults_shuriken,
          nicolae_vaults_little_squares_1, hangedman_vaults_stretched_pinwheel,
          v_alt_pattern_3, hangedman_vaults_trim
Vaults:5: uniq_boris, uniq_frederick
Crypt:1:  grunt_crypt_arrival_guarded_gate
Crypt:2:  fountainhead, due_unseen_surprise
Crypt:3:  grunt_crypt_end_deaths_head
Depths:1: enter_ziggurat_e, nicolae_trove_entry_columns,
          pf_hell_entry_great_geh, minmay_holes, kennysheep_generic_room_6,
          uniq_asterion, uniq_enchantress
Depths:2: hangedman_slaughterboxes, pan_entry, hell_entry, uniq_saint_roka
Depths:3: minmay_spriggan_fort, hell_entry, rand_demon_pan_entry_1,
          minmay_misc_feat_chi, uniq_sojobo
Depths:4: hangedman_arch_fort, grunt_pan_entry_in_and_out,
          infiniplex_staircase_hallway_doors, abyss_entry, hell_entry,
          nrook_mini_backslash, uniq_boris, uniq_jory
Depths:5: grunt_zot_entry_funnels, serial_shops, statue_bzr,
          minmay_parallelograms, minmay_room_of_horrors, hell_entry,
          serial_bayou_shore_b
Zot:1:    kennysheep_six_static_rooms, zot_minivault_1
Zot:2:    amethyst_zot_foddershock, basic_stair_grate_trap
Zot:3:    grunt_ministairs_10
Zot:4:    st_single_dragon_hoard_1, hangedman_zot_diagonal_lockstep,
          zot_minivault_6
Abyss:3:  kilobyte_mutagenic_chamber, hangedman_abyss_rune_flesh_and_stone
Lab:      labyrinth_hidden_loot, labyrinth_lava_lair, labyrinth_glass_1,
          nicolae_lab_plus, labyrinth_fake_exit, nicolae_lab_statue
Bazaar:   bazaar_kb_twisted_cavern
Trove:    trove_simple
IceCv:    ice_cave_small_demon
Volcano:  volcano_village
WizLab:   wizlab_iskenderun

Action                   |  1- 3 |  4- 6 |  7- 9 | 10-12 | 13-15 | 16-18 | 19-21 | 22-24 | 25-27 || total
-------------------------+-------+-------+-------+-------+-------+-------+-------+-------+-------++-------
Melee: Spear             |    69 |       |       |       |       |       |       |       |       ||    69
       Dagger            |    17 |   233 |   417 |       |       |       |       |       |       ||   667
       Unarmed           |       |       |   244 |   784 |  1578 |  1562 |  1718 |  1786 |  3644 || 11316
       Morningstar       |       |       |       |       |       |    15 |       |       |       ||    15
 Cast: Sting             |    22 |     9 |     9 |       |       |       |       |       |       ||    40
       Blink             |       |       |       |       |     2 |     2 |       |     5 |     6 ||    15
       Passage of Golubr |       |       |       |       |       |     1 |     1 |     4 |     2 ||     8
       Regeneration      |       |       |       |       |       |       |       |     1 |    16 ||    17
       Blade Hands       |       |       |       |       |       |       |       |       |     9 ||     9
       Deflect Missiles  |       |       |       |       |       |       |       |       |    13 ||    13
       Invisibility      |       |       |       |       |       |       |       |       |     1 ||     1
       Tornado           |       |       |       |       |       |       |       |       |     4 ||     4
       Apportation       |       |       |       |       |       |       |       |       |     2 ||     2
Invok: Slouch            |       |       |       |     2 |     9 |    15 |    18 |    21 |     7 ||    72
       Bend Time         |       |       |       |       |       |       |       |     1 |     1 ||     2
       Temporal Distorti |       |       |       |       |       |       |       |       |     7 ||     7
 Abil: Fly               |       |       |       |       |       |     1 |     1 |       |     1 ||     3
       Stop Flying       |       |       |       |       |       |     1 |     1 |       |     1 ||     3
Evoke: Wand              |       |       |       |     8 |    14 |    11 |     2 |     7 |     9 ||    51
       Deck              |       |       |       |       |    10 |       |       |       |       ||    10
       Phantom mirror    |       |       |       |       |       |       |       |     1 |       ||     1
       Lamp of fire      |       |       |       |       |       |       |       |       |     1 ||     1
  Use: Scroll            |     2 |     5 |    13 |    11 |    16 |     4 |     8 |    16 |    17 ||    92
       Potion            |       |       |     1 |     5 |     3 |     1 |     1 |    11 |     6 ||    28
 Stab: Sleeping          |     5 |     4 |       |       |       |    13 |    10 |    11 |    17 ||    60
       Paralysed         |       |       |       |     4 |     1 |       |       |       |       ||     5
       Invisible         |       |       |       |       |     4 |       |       |       |       ||     4
       Distracted        |       |       |       |       |       |     4 |     8 |     5 |    10 ||    27
       Petrified         |       |       |       |       |       |       |     1 |       |       ||     1
       Held in net/web   |       |       |       |       |       |       |     2 |       |     1 ||     3
       Petrifying        |       |       |       |       |       |       |       |       |     1 ||     1
  Eat: Chunk             |     1 |     7 |    15 |    25 |    20 |    17 |     2 |       |       ||    87
       Pizza             |       |       |       |     1 |     1 |       |     2 |     2 |     1 ||     7
       Royal jelly       |       |       |       |     1 |     1 |       |       |     2 |     1 ||     5
       Meat ration       |       |       |       |     1 |       |       |     1 |     1 |     6 ||     9
       Beef jerky        |       |       |       |       |       |    11 |       |     4 |     4 ||    19
       Fruit             |       |       |       |       |       |       |    14 |     8 |    12 ||    34
